 Dungeon Crawl Stone Soup version 0.31-a0-626-g8143ab4f1d (webtiles) character file.

Game seed: 3554815781024537310

42 zenocrate the Insei (level 3, -4/23 HPs)
             Began as an Octopode Shapeshifter on Aug 24, 2023.
             Slain by Crazy Yiuf
             ... wielding a +3 quarterstaff of chaos
              (10 damage)
             ... on level 2 of the Dungeon.
             The game lasted 00:02:06 (1444 turns).

zenocrate the Insei (Octopode Shapeshifter)         Turns: 1444, Time: 00:02:07

Health: -4/23      AC:  1    Str: 14    XL:     3   Next: 56%
Magic:  3/3        EV: 19    Int: 10    God:
Gold:   91         SH:  0    Dex: 14    Spells: 2/2 levels left

rFire   . .          .
                       - Unarmed
rCold   . . .        (no shield)
rNeg    . . .        (helmet currently unavailable)
rPois   .            (no amulet)
rElec   .            (no ring)
rCorr   .            (no ring)
SInv    .            (no ring)
Will    .....        (no ring)
Stlth   ++           (no ring)
HPRegen 0.23/turn    (no ring)
MPRegen 0.08/turn    (no ring)
                     (no ring)

%: no passive effects
@: agile, beast-form, studying Shields
A: beast (slay +1), almost no armour, amphibious, 8 rings, camouflage 1,
gelatinous body 1, (nimble swimmer 1), tentacles
a: Begin Untransformation


You were on level 2 of the Dungeon.
You were a hulking beast.
You visited 1 branch of the dungeon, and saw 2 of its levels.

You collected 91 gold pieces.

Inventory:

Missiles
 i - 5 poisoned darts (quivered)
Talismans
 b - a beast talisman (active)
 c - a flux talisman
Scrolls
 e - a scroll of blinking
 h - 2 scrolls of enchant weapon {unknown}
 j - a scroll of teleportation {unknown}
 l - 3 scrolls of identify
 m - a scroll of poison {unknown}
 n - a scroll of immolation {unknown}
Potions
 a - 3 potions of lignification
 d - 2 potions of curing
 f - a potion of degeneration {unknown}
 g - a potion of haste
 k - a potion of resistance
 o - a potion of heal wounds {unknown}
 p - a potion of might {unknown}


   Skills:
 + Level 1.6 Fighting
 + Level 2.9 Dodging
 + Level 3.6 Unarmed Combat
 - Level 3.0 Shapeshifting


You had 2 spell levels left.
You didn't know any spells.
Your spell library contained the following spells:

 Spells                   Type           Power      Damage    Failure   Level
 Blink                    Tloc           0%         N/A       50%         2
 Manifold Assault         Tloc           0%         N/A       98%         4


Dungeon Overview and Level Annotations

Branches:
Dungeon (2/15)

Altars:

Shops:
D:1 (

Annotations:
D:2 Crazy Yiuf


Innate Abilities, Weirdness & Mutations

You are a hulking beast.
Your limbs bulge with bestial killing power. (Slay +1)
You cannot wear most types of armour.
You are amphibious.
You can wear up to eight rings at the same time.
Your skin changes colour to match your surroundings (Stealth+).
Your rubbery body absorbs attacks. (AC +1, EV +1)
((You are camouflaged when in or above water. (Stealth+)))
You have tentacles for arms and can constrict up to eight enemies at once.


Message History

p - a fizzy dark potion No target in view!
You now have 91 gold pieces (gained 6).
You see here a bat corpse.
Found a hammer.
Found a runed translucent door.
Key pressed, stopping explore.
No target in view!
Key pressed, stopping explore.
No target in view!
Key pressed, stopping explore.
No target in view!
Key pressed, stopping explore.
You see here a +0 leather armour.
Key pressed, stopping explore.
No reachable target in view!
No reachable target in view!
Could not explore, unopened runed door.
You open the door.
Crazy Yiuf shouts!
There is an open translucent door here.
Crazy Yiuf hits you with a +3 quarterstaff of chaos.
You are poisoned.
You tentacle-slap Crazy Yiuf. You grab Crazy Yiuf. You squeeze Crazy Yiuf.
Crazy Yiuf is heavily wounded.
You constrict Crazy Yiuf.
You feel very sick.
Crazy Yiuf hits you with a +3 quarterstaff of chaos.
You feel better.
You constrict Crazy Yiuf, but do no damage.
Crazy Yiuf grits, "Proton!
Shadow tortoise cloud."
Crazy Yiuf hits you with a +3 quarterstaff of chaos!
* * * LOW HITPOINT WARNING * * *
You feel agile all of a sudden.
Unknown command.
You tentacle-slap Crazy Yiuf but do no damage.
Crazy Yiuf is heavily wounded.
You constrict Crazy Yiuf.
Crazy Yiuf says, "Crazy?
Crazy!?
PORCUPINE!"
Crazy Yiuf hits you with a +3 quarterstaff of chaos!
You die...

######## #.. #.. #..
#.. #### ♣♣♣♣♣###
#...
#####♣♣♣.♣....###...
#...#♣..♣..P...##...
#.gh'.♣♣♣♣PP........
#)..#♣♣ ♣♣......###
##### ♣♣######


You could see Crazy Yiuf.

Vanquished Creatures
  An adder (D:2)
  A worm (D:2)
  A dart slug (D:2)
  3 ball pythons
  An endoplasm (D:1)
  3 giant cockroaches
  5 goblins
  3 hobgoblins
  2 bats
  2 kobolds
  4 rats
26 creatures vanquished.

Notes
Turn   | Place    | Note
-------+----------+-------------------------------------------
     0 | D:1      | zenocrate the Octopode Shapeshifter began the quest for the
                  | Orb.
     0 | D:1      | Reached XP level 1. HP: 13/13 MP: 1/1
   214 | D:1      | Found a faded altar of an unknown god.
   280 | D:1      | Reached XP level 2. HP: 18/18 MP: 2/2
   625 | D:1      | Found Keduniw's Antique Weapon Boutique.
   824 | D:2      | Reached XP level 3. HP: 9/23 MP: 3/3
  1316 | D:2      | Found a runed translucent door.
  1317 | D:2      | Noticed Crazy Yiuf
  1444 | D:2      | Slain by Crazy Yiuf

Illustrated notes

Levels and vault maps discovered:
D:1:      ncdulo_wetmaze, layout_loops_corners,
          hellmonk_ecumenical_altar_lost_god, serial_shops,
          nicolae_diamond_shop, minmay_distorted
D:2:      layout_rooms, nicolae_elevator_lobby_asterisk, uniq_crazy_yiuf_cottage

Action                     || total
---------------------------++-------
  Melee: Unarmed           ||    44
         Constrict         ||    13
         Tentacles         ||     6
         Punch             ||     3
    Use: Scroll            ||     4
         Potion            ||     1
   Stab: Sleeping          ||     3
 Armour: Skin              ||     3
  Dodge: Dodged            ||    27

Table legend: (Time is in decaauts)
 A = Elapsed time spent in this place.
 B = Non-inter-level travel time spent in this place.
 C = Inter-level travel time spent in this place.
 D = Time resting spent in this place.
 E = Time spent auto-exploring this place.
 F = Levels seen in this place.
 G = Mean time per level.
                   A        B        C        D        E       F      G
               +--------+--------+--------+--------+--------+-----+--------+
         Total |   1441 |   1419 |     22 |      0 |   1233 |   2 |  720.5 |
       Dungeon |   1441 |   1419 |     22 |      0 |   1233 |   2 |  720.5 |
               +--------+--------+--------+--------+--------+-----+--------+

Top non-repeatable levels by time:
     D:1: 811 daAuts
     D:2: 630 daAuts
